 Dungeon Crawl Stone Soup version 0.30-a0-782-ge64f9170bb (webtiles) character file.

Game seed: 3137738777880819033

32 locomotivebreath the Caller (level 3, -4/19 HPs)
             Began as a Kobold Summoner on Feb 27, 2023.
             Slain by Terence
             ... wielding a +1 flail of venom
              (8 damage)
             ... on level 2 of the Dungeon.
             The game lasted 00:09:41 (1968 turns).

locomotivebreath the Caller (Kobold Summoner)       Turns: 1968, Time: 00:09:42

Health: -4/19      AC:  2    Str:  7    XL:     3   Next: 42%
Magic:  1/15       EV: 15    Int: 16    God:
Gold:   62         SH:  0    Dex: 15    Spells: 0/6 levels left

rFire   . . .      SeeInvis .    d - +0 dagger
rCold   . . .      Faith    .    (no shield)
rNeg    . . .      Spirit   .    a - +0 robe
rPois   .          Reflect  .    (no helmet)
rElec   .          Harm     .    (no cloak)
rCorr   .          Rampage  .    (no gloves)
Will    +....                    (no boots)
Stlth   +++                      (no amulet)
HPRegen 0.23/turn                k - ring of willpower
MPRegen 0.14/turn                m - ring of magical power

@: no status effects
A: small, no large weapons, nightstalker 3
a: no special abilities


You were on level 2 of the Dungeon.
You visited 1 branch of the dungeon, and saw 2 of its levels.

You collected 62 gold pieces.

Inventory:

Hand Weapons
 d - a +0 dagger (weapon)
Missiles
 f - 20 stones
Armour
 a - a +0 robe (worn)
Jewellery
 h - an amulet of faith
 j - a ring of ice
 k - a ring of willpower (left hand)
 m - a ring of magical power (right hand)
Scrolls
 c - a scroll of teleportation
 i - a scroll of immolation
 l - a scroll of brand weapon {unknown}
Potions
 b - a potion of magic
 e - a potion of brilliance {unknown}
 g - a potion of haste
 n - a potion of flight {unknown}
 o - a potion of attraction {unknown}


   Skills:
 * Level 0.6 Short Blades
 * Level 0.5 Throwing
 * Level 2.7 Dodging
 * Level 3.1 Stealth
 * Level 2.4 Spellcasting
 * Level 4.3 Summonings
 * Level 0.4 Transmutations
 * Level 0.2 Evocations


You couldn't memorise any spells.
You knew the following spells:

 Your Spells              Type           Power      Damage    Failure   Level
a - Summon Small Mammal   Summ           60%        N/A       3%          1
b - Call Imp              Summ           15%        N/A       4%          2
c - Call Canine Familiar  Summ           15%        N/A       10%         3

Your spell library contained the following spells:

 Spells                   Type           Power      Damage    Failure   Level
 Summon Guardian Golem    Hex/Summ       8%         N/A       24%         3
 Dazzling Flash           Conj/Hex       2%         N/A       52%         3
 Summon Lightning Spire   Summ/Air       8%         N/A       63%         4
 Iskenderun's Mystic Bla  Conj/Tloc      1%         2d3       89%         4
 Manifold Assault         Tloc           1%         N/A       89%         4
 Dispersal                Tloc           0%         N/A       100%        6
 Starburst                Conj/Fire      0%         6d3       100%        6
 Disjunction              Tloc           0%         N/A       100%        8


Dungeon Overview and Level Annotations

Branches:
Dungeon (2/15)

Altars:

Shops:
D:2 *

Annotations:
D:2 Terence


Innate Abilities, Weirdness & Mutations

You are small and have problems with some larger weapons.
You are completely attuned to the shadows.


Message History

You swap places.
Your bat hits Terence but does no damage.
Terence hits your bat with a +1 flail of venom.
Your bat dies!
Your bat's corpse disappears in a puff of smoke!
Terence closely misses your crimson imp.
Your crimson imp hits Terence but does no damage.
Terence closely misses your crimson imp.
Your crimson imp blinks!
You swap places.
Casting: Summon Small Mammal (safe; 3% risk of failure)
Confirm with . or Enter, or press ? or * to list all spells.
You don't have enough magic to cast this spell.
Your quokka bites Terence but does no damage.
Terence hits your quokka with a +1 flail of venom!
Your quokka dies!
Your quokka's corpse disappears in a puff of smoke!
Terence shouts!
Terence shouts, "Get ready for death!"
Terence barely misses you.
Your crimson imp closely misses Terence.
You barely miss Terence.
Terence is severely wounded.
A bat comes into view.
The bat closely misses your crimson imp.
Terence barely misses you.
The bat moves out of view.
You hit Terence but do no damage.
Terence is severely wounded.
Your crimson imp barely misses Terence.
Terence hits you with a +1 flail of venom!
You hit Terence.
Terence is severely wounded.
The bat closely misses your crimson imp.
The bat hits your crimson imp.
Your crimson imp barely misses Terence.
The bat closely misses your crimson imp.
Terence hits you with a +1 flail of venom!
* * * LOW HITPOINT WARNING * * *
Terence attacks as you move away!
Terence hits you with a +1 flail of venom!
You die...

........# #.......#
#.......# ###
.#####.# .###.#######
#.# .@ยง........# #.#
###.#####.##.# #.#
####.####...#.# #.#
....5@@.......# #.#
####b####...#######.#
#.# ##......)...# ..#
############ ####


You could see Terence (ally target), a bat and a friendly crimson imp
(summoned).

Vanquished Creatures
  A dart slug (D:1)
  4 ball pythons
  A bat (D:1)
  2 endoplasms (D:1)
  A goblin (D:1)
  A hobgoblin (D:1)
  2 quokkas
  3 kobolds (D:1)
  2 rats
17 creatures vanquished.

Vanquished Creatures (collateral kills)
  A worm (D:2)
  A dart slug (D:2)
  An endoplasm (D:1)
  A hobgoblin (D:1)
  A ball python (D:2)
  A bat (D:1)
  A frilled lizard (D:1)
7 creatures vanquished.

Grand Total: 24 creatures vanquished

Notes
Turn   | Place    | Note
-------+----------+-------------------------------------------
     0 | D:1      | locomotivebreath the Kobold Summoner began the quest for
                  | the Orb.
     0 | D:1      | Reached XP level 1. HP: 10/10 MP: 3/3
   185 | D:1      | Reached XP level 2. HP: 7/15 MP: 0/5
   646 | D:1      | Found a faded altar of an unknown god.
   696 | D:1      | Learned a level 2 spell: Call Imp
  1401 | D:1      | Reached XP level 3. HP: 15/19 MP: 3/6
  1584 | D:2      | Found Viykez's General Store.
  1650 | D:2      | Learned a level 3 spell: Call Canine Familiar
  1899 | D:2      | Noticed Terence
  1968 | D:2      | Slain by Terence

Illustrated notes

Levels and vault maps discovered:
D:1:      dpeg_arrival_simpleton_a, layout_loops_corners,
          ebering_ecumenical_altar_sacrificial
D:2:      layout_loops_ring, serial_shops, shop, nrook_mini_backslash,
          kennysheep_generic_room_14, uniq_terence

Skill      XL: |  1  2 |
---------------+-------+-----
Stealth        | 3 |  3.1
Short Blades   | |  0.6
Throwing       | |  0.5
Dodging        | |  2.7
Spellcasting   | |  2.4
Summonings     | |  4.3
Transmutations | |  0.4
Evocations     | |  0.2

Action                     || total
---------------------------++-------
  Melee: Dagger            ||    70
   Cast: Summon Small Mamm ||    54
         Call Imp          ||    11
    Use: Scroll            ||     3
         Potion            ||     1
   Stab: Sleeping          ||     6
 Armour: Robe              ||     7
  Dodge: Dodged            ||    52

Table legend: (Time is in decaauts)
 A = Elapsed time spent in this place.
 B = Non-inter-level travel time spent in this place.
 C = Inter-level travel time spent in this place.
 D = Time resting spent in this place.
 E = Time spent auto-exploring this place.
 F = Levels seen in this place.
 G = Mean time per level.
                   A        B        C        D        E       F      G
               +--------+--------+--------+--------+--------+-----+--------+
         Total |   1945 |   1811 |    134 |     27 |   1373 |   2 |  972.5 |
       Dungeon |   1945 |   1811 |    134 |     27 |   1373 |   2 |  972.5 |
               +--------+--------+--------+--------+--------+-----+--------+

Top non-repeatable levels by time:
     D:1: 1563 daAuts
     D:2: 382 daAuts
